 Dungeon Crawl Stone Soup version 0.19.3-1-g3169bf9 (webtiles) character file.

89 Gargoyl the Skirmisher (level 4, -1/40 HPs)
             Began as a Ghoul Abyssal Knight on Jan 24, 2017.
             Was a Follower of Lugonu.
             Slain by an orc
             ... wielding a +2 flail of protection
              (6 damage)
             ... on level 3 of the Dungeon.
             The game lasted 00:03:12 (1242 turns).

Gargoyl the Skirmisher (Ghoul Abyssal Knight)       Turns: 1242, Time: 00:03:12

Health: -1/40      AC:  9    Str: 15    XL:     4   Next: 55%
Magic:  5/5        EV:  6    Int:  7    God:    Lugonu [*.....]
Gold:   126        SH:  0    Dex:  9    Spells: 0 memorised, 3 levels left

rFire  . . .     SeeInvis .     a - +1 hand axe
rCold  + . .     Gourm    .     e - +0 chain mail
rNeg   + + +     Faith    .     (no shield)
rPois  ∞         Spirit   .     (no helmet)
rElec  .         Reflect  .     (no cloak)
rCorr  .         Harm     .     (no gloves)
MR     .....                    (no boots)
Stlth  ..........               (no amulet)
                                (no ring)
                                (no ring)

@: rotting
A: rotting body, claws 1, carnivore 3, cold resistance 1, negative energy
resistance 3, slow regeneration 1, torment resistance, unbreathing
a: Depart the Abyss, Renounce Religion


You were on level 3 of the Dungeon.
You worshipped Lugonu.
Lugonu was aware of your devotion.
You were not hungry.

You visited 1 branch of the dungeon, and saw 3 of its levels.
You visited the Abyss 1 time.

You collected 126 gold pieces.

Inventory:

Hand Weapons
 a - a +1 hand axe (weapon)
Armour
 b - a +0 leather armour
 e - a +0 chain mail (worn)
Jewellery
 s - an uncursed ring of protection from cold {unknown}
Scrolls
 k - 3 scrolls of identify {unknown}
 l - a scroll of random uselessness {unknown}
 m - a scroll of amnesia {unknown}
 n - a scroll of noise {unknown}
 o - 2 scrolls of remove curse {unknown}
 p - a scroll of teleportation {unknown}
 r - a scroll of immolation {unknown}
Potions
 d - a potion of lignification {unknown}
 f - a potion of flight {unknown}
 g - 2 potions of berserk rage {unknown}
 h - a potion of degeneration {unknown}
 i - 3 potions of curing {unknown}
Comestibles
 c - 2 meat rations
 j - a beef jerky
 q - 3 chunks of flesh


   Skills:
 + Level 3.7 Fighting
 + Level 2.7 Axes
 * Level 2.8 Armour
 + Level 0.8 Dodging
 * Level 2.7 Invocations


You had 3 spell levels left.
You didn't know any spells.

Dungeon Overview and Level Annotations

Branches:
Dungeon (3/15)

Altars:
Ru


Innate Abilities, Weirdness & Mutations

Your body is rotting away.
You thrive on raw meat.
You are immune to poison.
You have sharp fingernails.
You are carnivorous and can eat meat at any time.
Your flesh is cold resistant. (rC+)
You are immune to negative energy. (rN+++)
You regenerate slowly when monsters are visible.
You are immune to unholy pain and torment.
You can survive without breathing.


Message History

You hit the orc.
The orc is heavily wounded.
The orc hits you but does no damage.
You hit the orc but do no damage.
The orc is heavily wounded.
The orc hits you but does no damage.
You hit the orc but do no damage.
The orc is heavily wounded.
The orc hits you but does no damage.
You hit the orc.
The orc is severely wounded.
The orc hits you with a flail of protection.
* * * LOW HITPOINT WARNING * * *
Your chain mail prevents you from hitting the orc.
The orc is severely wounded.
The orc hits you but does no damage.
You hit the orc but do no damage.
The orc is severely wounded.
The orc hits you with a flail of protection.
You die...

.# #.#........
... #)#........
..# #.#........
... ...........
#.##.#.......#
#...>#.......#
#..#)......#
#()o@†.....#
#.......#.......#
#.#####.#.......#
#.#.......#
#.#.......#
#.#.......#
#.######### #.#


You could see an orc.

Vanquished Creatures
  3 adders
  A worm (D:2)
  4 dart slugs
  A leopard gecko (D:2)
  5 orcs (D:3)
  5 hobgoblins
  8 jackals
  A quokka (D:3)
  2 bats
  3 frilled lizards
  5 goblins
  3 kobolds
  3 rats (D:1)
44 creatures vanquished.

Notes
Turn   | Place    | Note
-------+----------+-------------------------------------------
     0 | Abyss:1  | Gargoyl the Ghoul Abyssal Knight began the quest for the Orb.
     0 | Abyss:1  | Reached XP level 1. HP: 19/19 MP: 1/1
    14 | Abyss:1  | Found a corrupted altar of Lugonu.
   115 | Abyss:3  | Found a viscous altar of Jiyva.
   121 | Abyss:3  | Noticed an apocalypse crab
   123 | Abyss:3  | Noticed a meliai
   123 | Abyss:3  | Noticed a killer bee
   125 | Abyss:3  | Noticed a killer bee
   127 | D:1      | Escaped the Abyss
   195 | D:1      | Reached * piety under Lugonu
   236 | D:1      | Reached XP level 2. HP: 26/26 MP: 2/2
   720 | D:2      | Reached XP level 3. HP: 16/32 MP: 3/3
  1048 | D:2      | Reached XP level 4. HP: 37/40 MP: 4/4
  1050 | D:2      | Found a sacrificial altar of Ru.
  1242 | D:3      | Slain by an orc

Skill      XL: |  1  2 |
---------------+-------+-----
Axes           | 2 |  2.7
Armour         | 2 |  2.8
Fighting       | |  3.7
Dodging        | |  0.8
Invocations    | |  2.7

Action                   |  1- 3 |  4- 6 || total
-------------------------+-------+-------++-------
Melee: Hand axe          |   124 |    25 ||   149
Invok: Depart the Abyss  |     1 |       ||     1
  Use: Scroll            |     1 |       ||     1
  Eat: Chunk             |     9 |     1 ||    10
Armor: Chain mail        |    85 |    23 ||   108
Dodge: Dodged            |    47 |    13 ||    60
